 Dungeon Crawl Stone Soup version 0.29.1-1-gd02db69 (webtiles) character file.

Game seed: 4016595449891788925

3 Timinator the Insei (level 1, 0/24 HPs)
             Began as a Demigod Transmuter on Jan 6, 2023.
             Succumbed to a kobold's poison
             ... on level 1 of the Dungeon.
             The game lasted 00:01:17 (335 turns).

Timinator the Insei (Demigod Transmuter)             Turns: 335, Time: 00:01:18

Health: 0/24       AC: 20    Str: 11    XL:     1   Next: 33%
Magic:  4/5        EV:  2    Int: 15    God:
Gold:   14         SH:  0    Dex: 14    Spells: 2/3 levels left

rFire   . . .      SeeInvis +     - Unarmed
rCold   . . .      Faith    .   (no shield)
rNeg    . . .      Spirit   .   (body armour currently unavailable)
rPois   +          Reflect  .   (helmet currently unavailable)
rElec   .          Harm     .   (cloak currently unavailable)
rCorr   .          Rampage  .   (gloves currently unavailable)
Will    +....      NoTele   +   (boots currently unavailable)
Stlth   +.........              (no amulet)
HPRegen 0.08/turn               c - ring of see invisible
MPRegen 0.09/turn               e - ring of willpower

@: lethally poisoned (0 -> -2), tree-form
A: stationary, stasis, torment immunity, boosted hp, high MP 1, forlorn, divine
attributes
a: no special abilities


You were on level 1 of the Dungeon.
You were a tree.
You visited 1 branch of the dungeon, and saw 1 of its levels.

You collected 14 gold pieces.

Inventory:

Armour
 a - a +0 robe (melded)
Jewellery
 c - a ring of see invisible (left branch)
 e - a ring of willpower (right branch)
Scrolls
 d - a scroll of fog {unknown}


   Skills:
 * Level 1.0 Fighting
 * Level 0.1 Armour
 + Level 1.8 Dodging
 + Level 2.8 Unarmed Combat
 - Level 1.7 Spellcasting
 - Level 1.7 Transmutations


You had 2 spell levels left.
You knew the following spells:

 Your Spells              Type           Power      Damage    Failure   Level
a - Beastly Appendage     Tmut           12%        N/A       11%         1

Your spell library contained the following spells:

 Spells                   Type           Power      Damage    Failure   Level
 Wereblood                Tmut           6%         N/A       17%         2
 Spider Form              Tmut/Pois      3%         N/A       43%         3
 Ice Form                 Ice/Tmut       3%         N/A       85%         4


Dungeon Overview and Level Annotations

Branches:
Dungeon (1/15)

Shops:
D:1 *


Innate Abilities, Weirdness & Mutations

You are a tree.
Your roots penetrate the ground, keeping you stationary.
You cannot be teleported.
You are immune to unholy pain and torment.
Your maximum health is greatly increased.
Your equipment is partially melded.
You have an increased reservoir of magic. (+10% MP)
You shall have no god before yourself.
Your divine heritage dramatically boosts your attributes as you level up.


Message History

Confirm with . or Enter, or press ? or * to list all spells.
You grow a pair of large bovine horns.
Your feet morph into talons.
A hobgoblin comes into view.
Your transformation is almost over.
Casting: Beastly Appendage (safe; 11% risk of failure)
Confirm with . or Enter, or press ? or * to list all spells.
You extend your transformation's duration.
The hobgoblin shouts!
You hit the quokka but do no damage. You claw the quokka.
The quokka is severely wounded.
The quokka bites you.
You barely miss the quokka. Your kick misses the quokka.
You headbutt the quokka.
You kill the quokka!
Your Fighting skill increases to level 1!
The kobold hits you with a +0 dagger of venom.
You are lethally poisoned!
You feel very sick.
Really quaff the potion of lignification?
Your horns disappear.
Your talons disappear.
You turn into a tree.
Your +0 robe melds into your body.
Your roots penetrate the ground.
You feel sick. The kobold hits you but does no damage.
You smack the kobold!
You kill the kobold!
* * * LOW HITPOINT WARNING * * *
You feel sick.
The hobgoblin throws a stone.
The stone hits you but does no damage.
You cannot move.
* * * LOW HITPOINT WARNING * * *
You feel sick.
The hobgoblin throws a stone.
The stone hits you but does no damage.
* * * LOW HITPOINT WARNING * * *
You feel sick.
The hobgoblin throws a stone.
The stone hits you.
* * * LOW HITPOINT WARNING * * *
* * * LOW HITPOINT WARNING * * *
You feel sick.
You smack the hobgoblin!
You kill the hobgoblin!
You die...

......# .####†##
####...#####
...........#
####...###.#######
##.## #.......#
#.# #######.# #.#
#.# #+# #♣#
#(###### #......#
#..##.#.# #.... ..
....... .#
###...... #
##...... ##......


There were no monsters in sight!

Vanquished Creatures
  2 hobgoblins (D:1)
  A quokka (D:1)
  A kobold (D:1)
4 creatures vanquished.

Notes
Turn   | Place    | Note
-------+----------+-------------------------------------------
     0 | D:1      | Timinator the Demigod Transmuter began the quest for the
                  | Orb.
     0 | D:1      | Reached XP level 1. HP: 15/15 MP: 5/5
    59 | D:1      | Found Byahux's Assorted Antiques.
   328 | D:1      | Reached skill level 1 in Fighting
   334 | D:1      | HP: 1/24 [poisoned by a kobold]
   335 | D:1      | Succumbed to a kobold's poison

Illustrated notes

Levels and vault maps discovered:
D:1:      evilmike_arrival_rings, layout_loops_corners, serial_shops, shop

Skill      XL: |  1 |
---------------+----+-----
Fighting       | 1 |  1.0
Armour         | |  0.1
Dodging        | |  1.8
Unarmed Combat | |  2.8
Spellcasting   | |  1.7
Transmutations | |  1.7

Action                   || total
-------------------------++-------
Melee: Unarmed           ||    14
       Kick              ||     1
       Headbutt          ||     1
 Cast: Beastly Appendage ||     2
  Use: Potion            ||     1
Armor: Skin              ||     3
Dodge: Dodged            ||     6
